 Dungeon Crawl Stone Soup version 0.17-a0-1921-g56e792d (webtiles) character file.

67 Holeefuk the Shield-Bearer (level 4, -6/35 HPs)
             Began as a Formicid Fighter on Sept 27, 2015.
             Killed by divine providence
             ... invoked by an orc priest
              (11 damage)
             ... on level 2 of the Dungeon.
             The game lasted 00:03:28 (1600 turns).

Holeefuk the Shield-Bearer (Formicid Fighter)       Turns: 1600, Time: 00:03:28

Health: -6/35      AC:  8    Str: 21    XL:     4   Next: 40%
Magic:  4/4        EV:  9    Int:  7    God:
Gold:   114        SH:  9    Dex: 11    Spells: 0 memorised, 3 levels left

rFire  . . .     SeeInvis +     a - +0 long sword
rCold  . . .     Clarity  .     b - +0 scale mail
rNeg   . . .     SustAt   .     k - +0 shield
rPois  .         Gourm    .     (helmet unavailable)
rElec  .         Spirit   .     j - +0 cloak
rCorr  .         Warding  .     (no gloves)
rMut   .         Stasis   +     (no boots)
MR     .....                    (no amulet)
Stlth  ..........               (no ring)
                                (no ring)

@: not resistant to hostile enchantments, extremely unstealthy
A: permanent stasis, dig shafts and tunnels, four strong arms, antennae 3
a: Dig, Shaft Self


You were on level 2 of the Dungeon.
You were near starving.

You visited 1 branch of the dungeon, and saw 3 of its levels.

You collected 114 gold pieces.

Inventory:

Hand weapons
 a - a +0 long sword (weapon)
Armour
 b - a +0 scale mail (worn)
 j - a +0 cloak (worn)
 k - a +0 shield (worn)
Scrolls
 f - 2 scrolls of identify {unknown}
 g - a scroll of amnesia {unknown}
 h - a scroll of teleportation {unknown}
 i - a scroll of blinking {unknown}
 m - a scroll of fog {unknown}
 o - a scroll of recharging {unknown}
 p - a scroll of remove curse {unknown}
 q - a scroll of fear {unknown}
 v - a scroll of enchant armour {unknown}
Potions
 c - a potion of cancellation {unknown}
 d - 2 potions of might
 n - a potion of curing {unknown}
 r - a potion of poison {unknown}
 t - a potion of agility {unknown}
 u - a potion of haste {unknown}
Comestibles
 e - a bread ration
 l - a beef jerky
 s - a slice of pizza


   Skills:
 - Level 3.2 Fighting
 - Level 2.7 Long Blades
 - Level 3.3 Armour
 - Level 2.1 Dodging
 * Level 4.2 Shields


You had 3 spell levels left.
You didn't know any spells.

Dungeon Overview and Level Annotations

Branches:
Dungeon (3/15)

Altars:
Gozag


Innate Abilities, Weirdness & Mutations

You are under a permanent stasis effect.
You can dig through walls and to a lower floor.
Your four strong arms can wield two-handed weapons with a shield.
You have a pair of large antennae on your head (SInv).


Message History

The orc priest hits you but does no damage.
You closely miss the orc priest.
The orc priest is moderately wounded.
The orc priest hits you with a whip.
The orc priest mumbles some strange prayers to Beogh against you.
Something smites you!
* * * LOW HITPOINT WARNING * * *
You hit the orc priest.
The orc priest is heavily wounded.
The orc priest closely misses you.
You barely miss the orc priest.
The orc priest is heavily wounded.
You are near starving!
The orc priest hits you but does no damage.
You hit the orc priest.
The orc priest is almost dead.
The orc priest misses you.
The orc priest invokes the aid of Beogh against you.
Something smites you!
You die...

....##.........#.# #......#
....##########.#'#########......#
....# ######...........#......#
##### #................#......#
##### ##...............#......#
....# #...............#......#
###.# #.........##############
###.######.....o...#
....#...........@..#
....#.#####.....(..# ....#.#
#........# ......#####........#
#######...'........# ...#
#.###........# ...#
#.###........# ####
#....#+####### ####.#.#


You could see an orc priest.

Vanquished Creatures
  A gnoll (D:1)
  2 adders (D:2)
  A worm (D:2)
  3 giant geckos
  5 goblins (D:1)
  2 hobgoblins (D:2)
  8 kobolds
  9 bats
  A giant cockroach (D:2)
  A giant newt (D:1)
  2 rats (D:1)
35 creatures vanquished.

Notes
Turn   | Place    | Note
--------------------------------------------------------------
     0 | D:1      | Holeefuk the Formicid Fighter began the quest for the Orb.
     0 | D:1      | Reached XP level 1. HP: 18/18 MP: 1/1
    41 | D:1      | Reached XP level 2. HP: 12/24 MP: 2/2
   241 | D:1      | Reached skill level 1 in Dodging
   267 | D:1      | Reached XP level 3. HP: 22/29 MP: 3/3
  1094 | D:2      | Reached XP level 4. HP: 35/35 MP: 4/4
  1272 | D:2      | Reached skill level 4 in Shields
  1287 | D:2      | Found an opulent altar of Gozag.
  1600 | D:2      | Killed from afar by an orc priest

Vault maps used:
D:1:      scummos_arrival_hexagon
D:2:      nicolae_gozag_seed_capital
D:3:      kennysheep_generic_room_9, uniq_natasha, uniq_terence, uniq_iyjb

Action                   |  1- 3 |  4- 6 || total
-------------------------+-------+-------++-------
Melee: Long sword        |   104 |    24 ||   128
 Abil: Dig               |     1 |     1 ||     2
  Eat: Chunk             |       |     1 ||     1
